 Dungeon Crawl Stone Soup version 0.29-a0-520-gc852659d43 (webtiles) character file.

Game seed: 9230874899239838645

51552 Pooter the Severer (level 14, -7/193 HPs)
             Began as a Minotaur Berserker on May 31, 2022.
             Was an Elder of Trog.
             Mangled by a dire elephant (8 damage)
             ... on level 6 of the Lair of Beasts.
             The game lasted 01:36:02 (21797 turns).

Pooter the Severer (Minotaur Berserker)            Turns: 21797, Time: 01:36:02

Health: -7/193     AC: 12    Str: 29    XL:     14   Next: 23%
Magic:  13/13      EV: 14    Int:  4    God:    Trog [****..]
Gold:   762        SH:  5    Dex:  7    Spells: 13/13 levels left

rFire   + . .      SeeInvis .   a - +5 battleaxe (flame)
rCold   x . .      Faith    .   (shield currently unavailable)
rNeg    + . .      Spirit   .   p - +0 chain mail "Qeelop" {Harm Rampage rC- Dex-3}
rPois   .          Reflect  +   (helmet restricted)
rElec   .          Harm     +   k - +0 cloak
rCorr   .          Rampage  +   g - +1 pair of gloves
Will    +....                   (no boots)
Stlth   ..........              U - amulet of reflection
HPRegen 0.42/turn               F - ring "Rodechuluj" {rF+ rN+ Str+2 Slay+3}
MPRegen 0.13/turn               y - +4 ring of evasion

@: berserking, very quick
A: horns 2, retaliatory headbutt
a: Renounce Religion, Berserk, Trog's Hand, Brothers in Arms


You were on level 6 of the Lair of Beasts.
You worshipped Trog.
Trog was greatly pleased with you.
You visited 2 branches of the dungeon, and saw 17 of its levels.
You also visited: Ossuary.

You collected 976 gold pieces.
You spent 214 gold pieces at shops.

Inventory:

Hand Weapons
 a - a +5 battleaxe of flaming (weapon)
   (You took it off a wight on level 7 of the Dungeon)
 b - a +2 arbalest of freezing
   (You found it on level 6 of the Lair of Beasts)
 m - the +8 hand axe of Uthehech {vorpal, Str+10}
   (You found it on level 4 of the Dungeon)

   It inflicts extra damage upon your enemies.
   Str:       It affects your strength (+10).
 s - a +2 trident of freezing
   (You found it on level 3 of the Lair of Beasts)
 L - a +3 halberd of freezing
   (You took it off a wight on level 8 of the Dungeon)
 X - a +2 vorpal broad axe
   (You found it on level 6 of the Lair of Beasts)
Missiles
 A - 11 curare-tipped darts
 O - 4 silver javelins
 Q - 28 poisoned darts
 T - 8 javelins (quivered)
Armour
 g - a +1 pair of gloves (worn)
   (You found it on level 1 of the Dungeon)
 k - a +0 cloak (worn)
   (You found it on level 3 of the Dungeon)
 p - the +0 chain mail "Qeelop" (worn) {Harm Rampage rC- Dex-3}
   (You bought it in a shop on level 4 of the Dungeon)

   Dex:       It affects your dexterity (-3).
   rC:        It makes you vulnerable to cold.
   Harm:      It increases damage dealt and taken.
   Rampage:   It bestows one free step when moving towards enemies.
 K - a +0 kite shield
   (You took it off a wight on level 8 of the Dungeon)
Jewellery
 w - a ring of flight
   (You found it on level 4 of the Dungeon)
 y - a +4 ring of evasion (right hand)
   (You found it on level 4 of the Dungeon)
 F - the ring "Rodechuluj" (left hand) {rF+ rN+ Str+2 Slay+3}
   (You found it on level 6 of the Lair of Beasts)

   [ring of positive energy]

   Str:       It affects your strength (+2).
   Slay:      It affects your accuracy & damage with ranged weapons and melee
   (+3).
   rF:        It protects you from fire.
   rN:        It protects you from negative energy.
 P - a ring of poison resistance
   (You found it in an ossuary)
 S - a ring of see invisible
   (You found it on level 5 of the Dungeon)
 U - an amulet of reflection (around neck)
   (You took it off an orc wizard on level 5 of the Dungeon)
 W - a +6 ring of intelligence
   (You found it on level 3 of the Lair of Beasts)
Wands
 d - a wand of iceblast (11)
   (You found it on level 6 of the Dungeon)
 u - a wand of paralysis (19)
   (You found it on level 6 of the Dungeon)
 x - a wand of acid (8)
   (You found it on level 10 of the Dungeon)
 z - a wand of polymorph (10)
   (You found it on level 4 of the Dungeon)
 D - a wand of digging (6)
   (You found it on level 5 of the Lair of Beasts)
 Y - a wand of charming (2)
   (You found it on level 3 of the Lair of Beasts)
Scrolls
 f - 8 scrolls of fear
 i - 2 scrolls of identify {@r1}
 n - 3 scrolls of noise {!r}
 q - 4 scrolls of fog
 r - a scroll of summoning
 t - 8 scrolls of teleportation {@r4}
 B - 5 scrolls of poison {!r}
 G - a scroll of magic mapping
 H - 6 scrolls of vulnerability {!r}
 M - a scroll of immolation {!r}
 N - 3 scrolls of torment {!r}
 Z - a scroll of enchant armour
Potions
 c - 3 potions of attraction {!q}
 e - 4 potions of curing {@q1}
 h - 3 potions of haste {@q3}
 j - a potion of flight
 l - 4 potions of mutation {!q}
 o - 3 potions of lignification {!q}
 v - 4 potions of resistance
 C - 3 potions of ambrosia
 I - 3 potions of heal wounds {@q2}
 J - 3 potions of invisibility
 R - 2 potions of might
Miscellaneous
 V - a piece from Xom's chessboard (15/15)
   (You found it on level 2 of the Lair of Beasts)


   Skills:
 + Level 13.1 Fighting
 * Level 17.9 Axes
 * Level 3.8 Crossbows
 - Level 8.0 Throwing
 + Level 4.0 Armour
 - Level 7.1 Dodging
 - Level 9.6 Stealth
 + Level 8.0 Evocations


You had 13 spell levels left.
You didn't know any spells.
Your spell library was empty.

Dungeon Overview and Level Annotations

Branches:
Dungeon (11/15)            Temple (0/1) D:7            Lair (6/6) D:11
 Shoals (0/4) Lair:3        Snake (0/4) Lair:3        Slime (0/5) Lair:5
Ossuary (visited)
    Orc: D:9-12

Altars:
Elyvilon

Shops:
D:4 [((:   D:5 *   D:11 (


Innate Abilities, Weirdness & Mutations

You have a pair of horns on your head.
You reflexively headbutt those who attack you in melee.


Message History

(? for menu, Esc to cancel) < or
w - a ring of flight; > or
y - a +4 ring of evasion You remove your ring of flight.
You float gracefully downwards.
You feel stronger.
F - the ring "Rodechuluj" (left hand) {rF+ rN+ Str+2 Slay+3}
There is an open translucent door here.
You open the large door.
There is a large open door here.
You open the door.
A dire elephant comes into view.
The dire elephant trumpets! x3; The necromancer shouts!
The dire elephant moves out of view.
You rampage towards the dire elephant!
The dire elephant misses you. The dire elephant trunk-slaps you.
The necromancer drinks a potion.
The necromancer seems to grow stronger.
The dire elephant barely misses you. You furiously retaliate!
You headbutt the dire elephant, but do no damage.
The dire elephant trunk-slaps you!
A red film seems to cover your vision as you go berserk!
You feel yourself moving faster!
You feel mighty!
The necromancer gestures at you while chanting.
Your body is wracked with pain!
* * * LOW HITPOINT WARNING * * *
The dire elephant tramples you!!
* * * LOW HITPOINT WARNING * * *
You hold your ground!
The dire elephant misses you.
The dire elephant tramples you but does no damage.
The dire elephant trunk-slaps you but does no damage.
The dire elephant closely misses you. The dire elephant trunk-slaps you.
* * * LOW HITPOINT WARNING * * *
You are too berserk!
You slash the dire elephant! You burn the dire elephant.
You headbutt the dire elephant, but do no damage.
You slash the dire elephant! You burn the dire elephant.
You closely miss the necromancer. You slash the dire elephant!
You burn the dire elephant. You slice the dire elephant!!
You burn the dire elephant! You slice the dire elephant!!
You burn the dire elephant. You slash the dire elephant!
You burn the dire elephant! You slash the dire elephant!
You burn the dire elephant. You slice the necromancer!!
You burn the necromancer.
You hit the dire elephant but do no damage.
The necromancer hits you with a +0 dagger!
* * * LOW HITPOINT WARNING * * *
The dire elephant tramples you but does no damage.
The dire elephant closely misses you. The dire elephant tramples you!!
* * * LOW HITPOINT WARNING * * *
You hold your ground!
The dire elephant barely misses you. The dire elephant closely misses you.
The dire elephant trunk-slaps you!
You die...

#...'....# #♣.P[#
###.. #..#####.#
♣P..## ##...#
##P.'.P#.##♣.###
##PP..# ##.'..#..#♣..#
#.....#
###..##.##..#####.#.##
#...#.###...#...#.#
#8.8#..P#♣.#.#.<†.#
##'####.##..#....##
#Y@Y≈#..#........#
#.pYY≈##.#........#
#≈≈Z≈≈≈#.#........#
#≈≈≈≈≈.#.#........#
##≈≈≈.##.#........##
#''####.#.........P
8..8##8.#........P#
....#8P.'.......PP#
....#.⌠.†........##


You could see 4 dire elephants, a spectral anaconda and a necromancer (strong).

Vanquished Creatures
  Snorg (D:10)
  Josephine (D:10)
  An ice dragon (Lair:5)
  6 hydras
  3 catoblepae
  4 two-headed ogres
  A death yak (Lair:5)
  Urug (D:11)
  The ghost of pgiattino the Covert, a journeyman VSBe of Trog (D:9)
  A spectral death yak (Lair:6)
  Nergalle (Lair:2)
  A necromancer (Lair:6)
  An obsidian statue (Lair:6)
  4 lindwurms (Lair:6)
  9 elephants
  3 black mambas
  15 cane toads
  A torpor snail (Lair:5)
  11 komodo dragons
  Maggie (D:9)
  4 rime drakes
  A kobold demonologist (D:11)
  5 polar bears
  3 trolls
  Prince Ribbit (D:7)
  Grinder (D:4)
  A spectral elephant (Lair:6)
  12 blink frogs
  62 yaks
  5 wraiths (D:10)
  3 wyverns
  4 basilisks
  A vampire (D:11)
  5 nagas (Lair:3)
  2 acid dragons
  16 water moccasins
  2 orc warriors (D:8)
  3 black bears
  3 ice beasts
  2 sky beasts
  A wolf (Lair:5)
  4 centaurs
  An elephant skeleton (Lair:6)
  2 phantoms
  4 gnoll sergeants
  Blork the orc (D:4)
  2 kobold brigands
  5 necrophages
  2 cane toad simulacra (Lair:6)
  10 bullfrogs
  12 scorpions
  14 wights
  6 killer bees
  An electric eel (Lair:1)
  A howler monkey (D:5)
  2 centaur zombies (Ossuary)
  4 human zombies (Ossuary)
  3 hounds
  3 jellies
  3 orc priests
  2 iguanas
  2 hell rats (Lair:1)
  7 orc wizards
  5 scorpion zombies (Ossuary)
  3 mummies (Ossuary)
  12 adders
  15 gnolls
  7 river rats (Lair:1)
  2 white imps
  2 ufetubi
  3 worms
  3 dart slugs
  27 orcs
  8 endoplasms
  5 giant cockroaches
  3 gnoll zombies (Ossuary)
  5 goblins
  4 hobgoblins
  8 jackals
  4 quokkas
  11 ball pythons
  6 bats
  A frilled lizard (D:1)
  A goblin zombie (Ossuary)
  4 hobgoblin zombies (Ossuary)
  17 kobolds
  2 kobold zombies (Ossuary)
  An orc zombie (Ossuary)
  8 rats
462 creatures vanquished.

Vanquished Creatures (others)
  2 bushes
  31 fungi
  54 plants
  17 withered plants
104 creatures vanquished.

Grand Total: 566 creatures vanquished

Notes
Turn   | Place    | Note
-------+----------+-------------------------------------------
     0 | D:1      | Pooter the Minotaur Berserker began the quest for the Orb.
     0 | D:1      | Reached XP level 1. HP: 19/19 MP: 0/0
   274 | D:1      | Reached XP level 2. HP: 25/27 MP: 1/1
   299 | D:1      | Reached skill level 4 in Axes
  1000 | D:1      | Reached XP level 3. HP: 27/33 MP: 2/2
  1217 | D:2      | Found a faded altar of an unknown god.
  1264 | D:2      | Reached skill level 1 in Stealth
  2241 | D:3      | Reached ** piety under Trog
  2328 | D:3      | Reached XP level 4. HP: 40/40 MP: 3/3
  3150 | D:3      | Reached skill level 5 in Axes
  3337 | D:4      | Noticed Blork the orc
  3337 | D:4      | Noticed Grinder
  3359 | D:4      | Identified the +8 hand axe of Uthehech {vorpal, Str+10}
  3461 | D:4      | Killed Grinder
  3462 | D:4      | Reached skill level 5 in Fighting
  3462 | D:4      | Reached skill level 6 in Axes
  3462 | D:4      | Reached XP level 5. HP: 22/48 MP: 4/4
  3462 | D:4      | Reached XP level 6. HP: 26/56 MP: 5/5
  3495 | D:4      | Killed Blork the orc
  3731 | D:4      | Found Katiav's Book Boutique.
  3892 | D:4      | Found Xiajuck's Weapon Shoppe.
  3925 | D:4      | Found Devvyteh's Armour Emporium.
  3938 | D:4      | Found Coodd's Weapon Shoppe.
  3995 | D:4      | Identified the +4 short sword of the Evening {vorpal, rN++
                  | Int-2}
  4078 | D:5      | Entered Level 5 of the Dungeon
  4107 | D:5      | Reached *** piety under Trog
  4159 | D:5      | Reached XP level 7. HP: 61/61 MP: 6/6
  4169 | D:5      | Found Raext's Serpentskin Sales.
  4183 | D:5      | Bought 5 curare-tipped darts for 45 gold pieces
  4183 | D:5      | Bought 6 curare-tipped darts for 54 gold pieces
  4183 | D:5      | Bought a scroll of poison for 52 gold pieces
  4215 | D:5      | Reached skill level 7 in Axes
  4933 | D:6      | Reached XP level 8. HP: 70/70 MP: 7/7
  4937 | D:6      | Reached skill level 8 in Axes
  4937 | D:6      | Reached skill level 5 in Dodging
  5055 | D:6      | Found a white marble altar of Elyvilon.
  5095 | D:6      | Found a sand-covered staircase.
  5242 | Ossuary  | Entered an ossuary
  5322 | Ossuary  | Reached skill level 9 in Axes
  5487 | Ossuary  | Reached **** piety under Trog
  5539 | Ossuary  | Reached XP level 9. HP: 78/79 MP: 8/8
  5564 | Ossuary  | Reached skill level 10 in Axes
  6042 | D:6      | Reached skill level 5 in Stealth
  6616 | D:4      | Bought the +0 chain mail "Qeelop" {Harm Rampage rC- Dex-3}
                  | for 63 gold pieces
  6692 | D:7      | Reached skill level 11 in Axes
  6718 | D:7      | Noticed a two-headed ogre
  6727 | D:7      | Killed a two-headed ogre
  6728 | D:7      | Reached skill level 1 in Evocations
  6728 | D:7      | Reached XP level 10. HP: 84/90 MP: 9/9
  6880 | D:7      | Found a staircase to the Ecumenical Temple.
  7200 | D:7      | Noticed Prince Ribbit
  7210 | D:7      | Killed Prince Ribbit
  7453 | D:8      | Reached skill level 1 in Throwing
  7455 | D:8      | Reached skill level 12 in Axes
  8668 | D:9      | Found a runed translucent door.
  8669 | D:9      | Noticed pgiattino's ghost (journeyman VSBe)
  8903 | D:9      | Reached skill level 13 in Axes
  8969 | D:9      | Reached XP level 11. HP: 99/99 MP: 10/10
  9142 | D:9      | Noticed Maggie
  9148 | D:9      | Killed Maggie
  9149 | D:9      | Identified the +1 ring mail of Baasef {Int+3}
  9588 | D:9      | Killed pgiattino's ghost
  9631 | D:10     | Entered Level 10 of the Dungeon
  9927 | D:10     | Noticed a two-headed ogre
  9930 | D:10     | Killed a two-headed ogre
  9931 | D:10     | Reached skill level 10 in Fighting
 10028 | D:10     | Noticed Josephine
 10034 | D:10     | Killed Josephine
 10176 | D:10     | Noticed a two-headed ogre
 10180 | D:10     | Killed a two-headed ogre
 10355 | D:10     | Noticed Snorg
 10364 | D:10     | Killed Snorg
 10365 | D:10     | Reached skill level 14 in Axes
 10928 | D:11     | Noticed a two-headed ogre
 10940 | D:11     | Killed a two-headed ogre
 11172 | D:11     | Reached skill level 5 in Evocations
 11194 | D:11     | Reached skill level 5 in Throwing
 11199 | D:11     | Found a staircase to the Lair.
 11377 | D:11     | Reached XP level 12. HP: 102/108 MP: 11/11
 11496 | D:11     | Found Esseisyi's Weapon Shop.
 11604 | D:11     | Noticed a five-headed hydra
 11607 | D:11     | Killed a four-headed hydra
 11717 | D:11     | Noticed Urug
 11722 | D:11     | Killed Urug
 11802 | Lair:1   | Entered Level 1 of the Lair of Beasts
 11961 | Lair:1   | Reached skill level 15 in Axes
 13263 | Lair:2   | Noticed Nergalle
 13273 | Lair:2   | Killed Nergalle
 14006 | Lair:3   | Found a staircase to the Snake Pit.
 14151 | Lair:3   | Found a staircase to the Shoals.
 14376 | Lair:3   | Reached skill level 16 in Axes
 15451 | Lair:4   | Reached XP level 13. HP: 67/117 MP: 12/12
 16932 | Lair:5   | Found a staircase to the Slime Pits.
 17823 | Lair:5   | Reached skill level 17 in Axes
 18211 | Lair:6   | Entered Level 6 of the Lair of Beasts
 18312 | Lair:6   | Noticed a dire elephant
 18312 | Lair:6   | Noticed a dire elephant
 18312 | Lair:6   | Noticed a dire elephant
 19660 | Lair:6   | Reached skill level 1 in Crossbows
 20532 | Lair:6   | Reached XP level 14. HP: 124/127 MP: 13/13
 21768 | Lair:6   | Identified the ring "Rodechuluj" {rF+ rN+ Str+2 Slay+3}
 21797 | Lair:6   | HP: 1/193 [dire elephant (37)]
 21797 | Lair:6   | Mangled by a dire elephant

Illustrated notes

Levels and vault maps discovered:
D:1:      zaba_arrival_water, layout_loops_cross
D:2:      layout_basic, dreamdust_ecumenical_altar_statues
D:3:      kb_forest_paths, layout_loops_corners, kennysheep_small_spiral,
          hangedman_decor_slide_cut
D:4:      layout_layer_cave, serial_shops, nicolae_shop_stone,
          nicolae_shop_trees, nicolae_shop_bloodbath_and_beyond,
          nicolae_take_the_stairs, uniq_blork_the_orc, uniq_grinder
D:5:      layout_loops_ring, guppyfry_shop_venom
D:6:      layout_basic, nicolae_overflow_crystal_walls,
          nicolae_ossuary_entry_false_entrances, st_stairs_11
D:7:      minmay_inner_zag, layout_gridville, minmay_temple_entry_tees,
          uniq_prince_ribbit1
D:8:      layout_basic, mrwooster_statue_mirror, sword_in_stone
D:9:      layout_roguey, gammafunk_ghost_grave, uniq_maggie
D:10:     layout_roguey, nrook_uturn, kennysheep_generic_room_2, uniq_snorg,
          uniq_josephine
D:11:     layout_loops_ring, minmay_lair_entry_grove, serial_shops,
          nicolae_shop_crystal, uniq_urug
Lair:1:   layout_big_grid, serial_bayou_pond_a, nicolae_lair_lil_pond,
          st_stairs_6, eino_small_chamber_without_monster,
          chequers_serial_rivers_large_b, kennysheep_rathole
Lair:2:   layout_gridlike, uniq_nergalle
Lair:3:   layout_layer_cave, elwin_shoals_entry_rocks,
          minmay_snake_entry_guardpost_large
Lair:4:   layout_cellular_growth, serial_bayou_pond_b
Lair:5:   layout_roguey, slime_dummy, portal_ice_cave_entry_animals_and_master,
          serial_bayou_pond_a, serial_bayou_shore_b
Lair:6:   due_jungle_book, layout_cave_pods, minmay_lindwurm_lava

Skill      XL: |  1  2  3  4  5  6  7  8  9 10 11 12 13 14 |
---------------+-------------------------------------------+-----
Axes           | 4 6 7 9 11 13 14 16 17 | 17.9
Fighting       | 4 5 6 7 8 9 10 11 12 13 | 13.1
Stealth        | 1 2 3 4 5 6 7 8 9 |  9.6
Dodging        | 3 4 6 7 |  7.1
Evocations     | 1 3 5 6 7 8 |  8.0
Throwing       | 3 5 6 8 |  8.0
Crossbows      | 2 3 |  3.8
Armour         | 3 4 |  4.0

Action                   |  1- 3 |  4- 6 |  7- 9 | 10-12 | 13-15 || total
-------------------------+-------+-------+-------+-------+-------++-------
Melee: Hand axe          |    47 |    34 |   157 |       |       ||   238
       Headbutt          |     6 |    11 |    40 |    59 |    54 ||   170
       Flail             |     6 |    34 |       |       |       ||    40
       Punch             |     1 |       |     2 |       |       ||     3
       Trident           |       |    14 |       |       |       ||    14
       Battleaxe         |       |       |     2 |   336 |   217 ||   555
       Halberd           |       |       |       |       |     4 ||     4
 Fire: Hunting sling     |    54 |    17 |    14 |     2 |       ||    87
       Fustibalus        |       |       |       |    19 |     3 ||    22
       Arbalest          |       |       |       |       |   144 ||   144
Throw: Dart              |     5 |     5 |    11 |    61 |    20 ||   102
       Stone             |       |       |       |     1 |       ||     1
       Javelin           |       |       |       |       |     7 ||     7
Invok: Berserk           |     2 |     1 |     1 |     8 |     6 ||    18
       Trog's Hand       |       |       |     3 |    20 |    10 ||    33
Evoke: Wand              |       |       |     5 |     4 |     1 ||    10
       Piece from Xom's  |       |       |       |       |     1 ||     1
  Use: Scroll            |     3 |     1 |    12 |    18 |     4 ||    38
       Potion            |       |       |       |     2 |       ||     2
 Stab: Paralysed         |       |       |       |     1 |       ||     1
       Petrified         |       |       |       |       |     2 ||     2
Armor: Animal skin       |     6 |       |       |       |       ||     6
       Ring mail         |     6 |       |       |       |       ||     6
       Scale mail        |    11 |    26 |    35 |       |       ||    72
       Chain mail        |       |       |    11 |   102 |    79 ||   192
Dodge: Dodged            |    46 |    49 |   101 |   195 |   124 ||   515
Block: Other             |       |       |    34 |    59 |    44 ||   137
       Reflection        |       |       |       |     2 |       ||     2

Table legend: (Time is in decaauts)
 A = Elapsed time spent in this place.
 B = Non-inter-level travel time spent in this place.
 C = Inter-level travel time spent in this place.
 D = Time resting spent in this place.
 E = Time spent auto-exploring this place.
 F = Levels seen in this place.
 G = Mean time per level.
                   A        B        C        D        E       F      G
               +--------+--------+--------+--------+--------+-----+--------+
         Total |  22126 |  21542 |    584 |   4763 |  13174 |  18 | 1229.2 |
       Dungeon |  11487 |  11005 |    482 |   1377 |   7574 |  11 | 1044.3 |
          Lair |  10163 |  10062 |    101 |   3224 |   5558 |   6 | 1693.8 |
       Ossuary |    476 |    476 |      0 |    162 |     42 |   1 |  476.0 |
               +--------+--------+--------+--------+--------+-----+--------+

Top non-repeatable levels by time:
  Lair:6: 3737 daAuts
  Lair:5: 1766 daAuts
  Lair:3: 1512 daAuts
     D:3: 1424 daAuts
     D:8: 1192 daAuts
    D:11: 1176 daAuts
     D:1: 1149 daAuts
  Lair:4: 1115 daAuts
     D:9: 1113 daAuts
     D:7: 1056 daAuts
    D:10: 1046 daAuts
  Lair:1: 1032 daAuts
     D:2: 1023 daAuts
  Lair:2: 998 daAuts
     D:6: 868 daAuts
